 Dungeon Crawl Stone Soup version 0.21.0-3-g78d12a8 (webtiles) character file.

40 tidbits the Sneak (level 3, 0/18 HPs)
             Began as a Vine Stalker Air Elementalist on Jan 10, 2018.
             Slain by Robin
             ... wielding a +4 spear of piercing
              (1 damage)
             ... on level 3 of the Dungeon.
             The game lasted 00:05:04 (704 turns).

tidbits the Sneak (Vine Stalker Air Elementalist)    Turns: 704, Time: 00:05:05

Health: 0/18       AC:  3    Str: 11    XL:     3   Next: 50%
Magic:  0/7        EV: 12    Int: 15    God:
Gold:   34         SH:  0    Dex: 14    Spells: 5/6 levels left

rFire    . . .     SeeInvis .   k - +0 short sword
rCold    . . .     Gourm    .   (no shield)
rNeg     . . .     Faith    .   a - +0 robe
rPois    .         Spirit   +   (no helmet)
rElec    .         Reflect  .   (no cloak)
rCorr    .         Harm     .   (no gloves)
MR       .....                  F - +0 pair of boots
Stlth    +++.......             (no amulet)
HPRegen  0.06/turn              W - ring of wizardry
MPRegen  0.10/turn              (no ring)

@: no status effects
A: fangs 2, magic shield, antimagic bite, no potion heal 3, rot immunity
a: no special abilities


You were on level 3 of the Dungeon.
You were not hungry.

You visited 1 branch of the dungeon, and saw 3 of its levels.

You collected 34 gold pieces.

Inventory:

Hand Weapons
 k - a +0 short sword (weapon)
 n - a +0 dagger
Missiles
 e - 6 stones (quivered)
Armour
 a - a +0 robe (worn)
 F - a +0 pair of boots (worn)
Jewellery
 W - a ring of wizardry (left hand)
   (You found it on level 1 of the Dungeon)
Scrolls
 d - a scroll of random uselessness {unknown}
 f - 2 scrolls of identify {unknown}
 g - a scroll of enchant weapon {unknown}
 h - 2 scrolls of amnesia {unknown}
 i - a scroll of blinking {unknown}
 m - 2 scrolls of teleportation {unknown}
Potions
 o - a potion of lignification {unknown}
Books
 b - a book of Air

   Spells                             Type                      Level
   a - Shock                          Conjuration/Air              1
   b - Swiftness                      Charms/Air                   2
   c - Static Discharge               Conjuration/Air              3
   d - Airstrike                      Air                          4
   e - Lightning Bolt                 Conjuration/Air              5
Comestibles
 c - 4 rations
 l - a chunk of flesh


   Skills:
 + Level 1.8 Fighting
 - Level 1.5 Dodging
 + Level 3.9 Stealth
 - Level 2.1 Spellcasting
 - Level 1.0 Conjurations
 - Level 3.0 Air Magic


You had 5 spell levels left.
You knew the following spells:

 Your Spells              Type           Power        Failure   Level  Hunger
a - Shock                 Conj/Air       #...         4%          1    #......


Dungeon Overview and Level Annotations

Branches:
Dungeon (3/15)

Altars:
Gozag
Nemelex Xobeh
Zin

Annotations:
D:3 Robin


Innate Abilities, Weirdness & Mutations

You have extremely sharp teeth.
When hurt, damage is shared between your health and your magic reserves.
Your bite disrupts and absorbs the magic of your enemies.
Potions cannot restore your health.
You are immune to rotting.


Message History

Press: ? - help, Shift-Dir - straight line, f/p - goblin
Aim: a goblin, wielding a dagger (heavily wounded)
The zap hits the goblin.
The goblin is severely wounded.
You see here a scroll labeled XIULEI TIEFA.
m - 2 scrolls labeled XIULEI TIEFA (gained 1)
You barely miss the goblin.
The goblin is heavily wounded.
The goblin hits you but does no damage.
You hit the goblin.
You kill the goblin!
Things that are here:
a dagger; a goblin corpse
n - a dagger A hobgoblin comes into view.
It is wielding a club.
The hobgoblin shouts!
You hear a shout! x2
You see here a fizzy coppery potion.
o - a fizzy coppery potion
Casting: Shock
Confirm with . or Enter, or press ? or * to list all spells.
Aiming: Shock
Press: ? - help, Shift-Dir - straight line, f - hobgoblin
Aim: a hobgoblin, wielding a club The zap hits the hobgoblin.
The hobgoblin is severely wounded.
Casting: Shock
Confirm with . or Enter, or press ? or * to list all spells.
Aiming: Shock
Press: ? - help, Shift-Dir - straight line, f/p - hobgoblin
Aim: a hobgoblin, wielding a club (severely wounded)
The zap hits the hobgoblin.
You kill the hobgoblin!
A hobgoblin comes into view. It is wielding a club.
Robin of the Strong Arm comes into view.
She is wielding a spear of piercing.
Robin roars a battlecry!
The hobgoblin goes into a battle-frenzy!
Press: ? - help, v - describe, . - travel
Here: Robin, wielding a spear of piercing, wearing an animal skin and wearing a helmet The floor.
Unknown command.
The hobgoblin no longer looks unusually strong.
Casting: Shock
Confirm with . or Enter, or press ? or * to list all spells.
Aiming: Shock
Press: ? - help, Shift-Dir - straight line The zap hits the hobgoblin.
The hobgoblin is severely wounded.
The zap hits the giant cockroach.
The giant cockroach is severely wounded.
The zap misses the giant cockroach.
The zap hits the hobgoblin.
You kill the hobgoblin!
Unknown command.
Casting: Shock
Confirm with . or Enter, or press ? or * to list all spells.
Aiming: Shock
Press: ? - help, Shift-Dir - straight line The zap hits the giant cockroach.
You kill the giant cockroach!
Casting: Shock
Confirm with . or Enter, or press ? or * to list all spells.
Aiming: Shock
Press: ? - help, Shift-Dir - straight line The zap hits Robin.
Robin is lightly wounded.
The zap hits Robin.
Robin is lightly wounded.
Robin closely misses you.
Casting: Shock
Confirm with . or Enter, or press ? or * to list all spells.
Aiming: Shock
Press: ? - help, Shift-Dir - straight line The zap hits Robin.
Robin appears unharmed.
Robin is lightly wounded.
The zap hits Robin.
Robin appears unharmed.
Robin is lightly wounded.
Robin hits you from afar with a spear of piercing.
Casting: Shock
Confirm with . or Enter, or press ? or * to list all spells.
Aiming: Shock
Press: ? - help, Shift-Dir - straight line The zap misses Robin.
The zap hits Robin.
Robin is moderately wounded.
Robin closely misses you.
Casting: Shock
Confirm with . or Enter, or press ? or * to list all spells.
Aiming: Shock
Press: ? - help, Shift-Dir - straight line The zap misses Robin.
The zap hits Robin.
Robin is heavily wounded.
Robin hits you from afar with a spear of piercing.
* * * LOW HITPOINT WARNING * * *
Casting: Shock
Confirm with . or Enter, or press ? or * to list all spells.
Okay, then.
Robin hits you with a spear of piercing.
* * * LOW HITPOINT WARNING * * *
x2 It was a potion of heal wounds.
That seemed strangely inert.
Robin hits you with a spear of piercing.
* * * LOW HITPOINT WARNING * * *
You die...

#. #.....# #.# #.....#
..#.# #.....# ###
#.#.#####.....#....
#.#................
#.#.#....###.†.#####
#.#.#....# #...# .#
#.#.#....###...###.###
#.#.#.g@.#............
#......<.#.........###
#...#....#.........#
#...######...†.....#
#......s.g.........#
#####'''########......#
#####...########......#
.§§.#...#§§§§§##......###.
§§§§§#.#.#§§§§§##...$s.)...


You could see Robin.

Vanquished Creatures
  A worm (D:2)
  3 dart slugs (D:1)
  A leopard gecko (D:2)
  A ball python (D:3)
  A giant cockroach (D:3)
  7 goblins
  5 hobgoblins
  A quokka (D:3)
  2 bats (D:1)
  A frilled lizard (D:1)
  3 kobolds (D:1)
  3 rats
29 creatures vanquished.

Notes
Turn   | Place    | Note
-------+----------+-------------------------------------------
     0 | D:1      | tidbits the Vine Stalker Air Elementalist began the quest for the Orb.
     0 | D:1      | Reached XP level 1. HP: 9/9 MP: 4/4
   192 | D:1      | Reached skill level 1 in Fighting
   192 | D:1      | Reached skill level 3 in Stealth
   192 | D:1      | Reached XP level 2. HP: 13/14 MP: 0/6
   498 | D:2      | Found an opulent altar of Gozag.
   509 | D:2      | Reached XP level 3. HP: 14/18 MP: 3/7
   521 | D:2      | Found a glowing silver altar of Zin.
   617 | D:3      | Found a sparkling altar of Nemelex Xobeh.
   677 | D:3      | Noticed Robin
   704 | D:3      | HP: 1/18 [Robin/spear of piercing (1)]
   704 | D:3      | Slain by Robin

Skill      XL: |  1 |
---------------+----+-----
Fighting       | 1 |  1.8
Stealth        | 3 |  3.9
Dodging        | |  1.5
Spellcasting   | |  2.1
Conjurations   | |  1.0
Air Magic      | |  3.0

Action                   || total
-------------------------++-------
Melee: Unarmed           ||    25
       Short sword       ||     7
       Bite              ||     2
 Cast: Shock             ||    42
  Use: Potion            ||     1
 Stab: Sleeping          ||     3
Armor: Robe              ||     5
Dodge: Dodged            ||    24

Table legend:
 A = Turns spent in this place as a percentage of turns spent in the entire game.
 B = Non-inter-level travel turns spent in this place as a percentage of non-inter-level travel turns spent in the entire game.
 C = Inter-level travel turns spent in this place as a percentage of turns spent in this place.
 D = Turns resting spent in this place as a percentage of non-inter-level travel turns spent in this place.
 E = Turns spent auto-exploring this place as a percentage of non-inter-level travel turns spent in this place.
 F = Non-inter-level travel turns spent in this place divided by the number of levels of this place that you've seen.
                   A       B       C       D       E      F
               +-------+-------+-------+-------+-------+----------------------
         Total | 100.0 | 100.0 |   8.4 |   0.0 |   0.0 | 215.0
       Dungeon | 100.0 | 100.0 |   8.4 |   0.0 |   0.0 | 215.0
               +-------+-------+-------+-------+-------+----------------------

Table legend:
 A = Kills in this place as a percentage of kills in entire the game.
 B = Kills by you in this place as a percentage of kills by you in the entire game.
 C = Kills by friends in this place as a percentage of kills by friends in the entire game.
 D = Other kills in this place as a percentage of other kills in the entire game.
 E = Experience gained in this place as a percentage of experience gained in the entire game.
 F = Experience gained in this place divided by the number of levels of this place that you have seen.
                   A       B       C       D       E      F
               +-------+-------+-------+-------+-------+----------------------
         Total | 100.0 | 100.0 |   N/A |   N/A | 100.0 |  19.3
       Dungeon | 100.0 | 100.0 |   N/A |   N/A | 100.0 |  19.3
               +-------+-------+-------+-------+-------+----------------------

Vault maps used:
D:1:      onia_arrival_mini_spirals
D:2:      nicolae_overflow_crystal_walls, grunt_gozag_statues, uniq_sigmund,
          uniq_robin
D:3:      nemelex_altar_shiori, first_ration
